 Dungeon Crawl Stone Soup version 0.18.1-50-g88ac8fd (webtiles) character file.

701 manyhoops the Chucker (level 7, 0/74 HPs)
             Began as an Ogre Hunter on Oct 25, 2016.
             Slain by a slave (6 damage)
             ... led by Pikel
             ... on level 4 of the Dungeon.
             The game lasted 00:07:28 (3605 turns).

manyhoops the Chucker (Ogre Hunter)                 Turns: 3605, Time: 00:07:29

Health: 0/74       AC:  4    Str: 27    XL:     7   Next: 66%
Magic:  7/7        EV: 15    Int:  8    God:
Gold:   67         SH:  0    Dex: 15    Spells: 0 memorised, 6 levels left

rFire  . . .     SeeInvis .     t - +0 flail
rCold  . . .     Gourm    .     b - +0 robe
rNeg   . . .     Faith    .     (no shield)
rPois  +         Spirit   .     (helmet restricted)
rElec  .         Dismiss  .     r - +0 cloak
rCorr  .         Reflect  .     (gloves unavailable)
SustAt .         Harm     .     (boots unavailable)
MR     .....     Clarity  +     (no amulet)
Stlth  +++.......               (no ring)
                                (no ring)

@: mighty, agile, very slightly contaminated, hasted, very quick, not resistant
to hostile enchantments, fairly stealthy
A: unfitting armour, antennae 1, berserk 1, clarity, dopey 1, poison resistance,
strong 1, tough skin 1, evolution 1, MP-powered wands
a: no special abilities


You were on level 4 of the Dungeon.
You were hungry.

You visited 1 branch of the dungeon, and saw 4 of its levels.

You collected 67 gold pieces.

Inventory:

Hand Weapons
 t - a +0 flail (weapon)
Missiles
 n - 97 stones (quivered)
 o - 16 sling bullets
Armour
 b - a +0 robe (worn)
 r - a +0 cloak (worn)
Scrolls
 e - a scroll of noise
 k - a scroll of magic mapping
Comestibles
 a - 4 fruits
 f - 2 bread rations
 s - a meat ration


   Skills:
 + Level 5.9 Fighting
 * Level 6.2 Maces & Flails
 + Level 6.4 Throwing
 - Level 1.7 Dodging
 - Level 0.7 Stealth


You had 6 spell levels left.
You didn't know any spells.

Dungeon Overview and Level Annotations

Branches:
Dungeon (4/15)
 Temple: D:4-7

Altars:
Qazlal

Annotations:
D:3 Natasha


Innate Abilities, Weirdness & Mutations

You are too large for most types of armour.
You have tough skin (AC +1).
You have a pair of small antennae on your head.
You tend to lose your temper in combat.
You possess an exceptional clarity of mind.
You are dopey. (Int -2)
Your system is resistant to poisons.
Your muscles are strong. (Str +2)
You evolve.
You expend magic power (3 MP) to strengthen your wands.


Message History

You feel much better. The slave hits you!
* * * LOW HITPOINT WARNING * * *
You feel agile all of a sudden.
You closely miss the slave.
The slave is almost dead.
The slave hits you!
* * * LOW HITPOINT WARNING * * *
You hit the slave.
The slave is almost dead.
The slave hits you!
* * * LOW HITPOINT WARNING * * *
You hit the slave.
You kill the slave!
That felt strangely unrewarding.
Unknown command.
You feel very mighty all of a sudden. The slave hits you but does no damage.
You closely miss the slave. You closely miss the slave. The slave hits you.
You die...

.#... #.##.###.##.# ##.# ...#
#...## ##...# ###... ...#######
#.##.###.##.###..... ....<....#
#.# #.#.###......... ...#####.#
##.## #.......##p.#.# ...# #.#
##...#########.......# ...#
#.###.###.###########..###
.#.#####.....# #.p..[(.(......#
.......(.###.###@#######.######
.........# ##...## #.#
...............## #.#
).#####..####### #.# ..#####..#
..# รท........# ... ..#####..
... ..# ..#


You could see a slave.

Vanquished Creatures
  Sigmund (D:4)
  Eustachio (D:4)
  A slave (D:4)
  A giant frog (D:4)
  A howler monkey (D:4)
  2 hounds (D:4)
  A giant frog skeleton (D:4)
  Jessica (D:2)
  Terence (D:2)
  2 worker ants (D:4)
  2 adders
  An ooze (D:1)
  3 worms
  4 dart slugs
  3 giant geckos
  An orc (D:4)
  7 giant cockroaches
  8 goblins
  6 hobgoblins
  10 jackals
  A quokka (D:4)
  8 bats
  6 giant newts
  A jackal skeleton (D:4)
  12 kobolds
  5 rats
90 creatures vanquished.

Vanquished Creatures (others)
  A fungus (D:1)
1 creature vanquished.

Grand Total: 91 creatures vanquished

Notes
Turn   | Place    | Note
--------------------------------------------------------------
     0 | D:1      | manyhoops the Ogre Hunter began the quest for the Orb.
     0 | D:1      | Reached XP level 1. HP: 22/22 MP: 1/1
   411 | D:1      | Reached XP level 2. HP: 11/29 MP: 2/2
   836 | D:1      | Reached skill level 1 in Maces & Flails
   843 | D:1      | Reached XP level 3. HP: 9/37 MP: 3/3
  1665 | D:1      | Reached skill level 5 in Throwing
  1931 | D:2      | Reached XP level 4. HP: 45/45 MP: 4/4
  2047 | D:2      | Noticed Terence
  2201 | D:2      | Gained mutation: You evolve. [potion of mutation]
  2201 | D:2      | Gained mutation: You have a pair of small antennae on your head. [potion of mutation]
  2201 | D:2      | Gained mutation: You possess an exceptional clarity of mind. [potion of mutation]
  2202 | D:2      | Gained mutation: You are dopey. (Int -2) [potion of mutation]
  2202 | D:2      | Gained mutation: Your muscles are strong. (Str +2) [potion of mutation]
  2414 | D:2      | Noticed Jessica
  2416 | D:2      | Killed Jessica
  2432 | D:2      | Killed Terence
  2432 | D:2      | Reached XP level 5. HP: 46/54 MP: 5/5
  2787 | D:3      | Found a stormy altar of Qazlal.
  2869 | D:3      | Noticed Natasha
  2883 | D:4      | Reached XP level 6. HP: 44/63 MP: 6/6
  3208 | D:4      | Noticed Sigmund
  3208 | D:4      | Killed Sigmund
  3208 | D:4      | Reached skill level 5 in Fighting
  3208 | D:4      | Reached skill level 5 in Maces & Flails
  3208 | D:4      | Reached XP level 7. HP: 72/72 MP: 7/7
  3256 | D:4      | Noticed Eustachio
  3292 | D:4      | Killed Eustachio
  3506 | D:4      | Gained mutation: You expend magic power (3 MP) to strengthen your wands. [potion of mutation]
  3506 | D:4      | Gained mutation: You tend to lose your temper in combat. [potion of mutation]
  3506 | D:4      | Gained mutation: Your system is resistant to poisons. [potion of mutation]
  3605 | D:4      | Slain by a slave

Skill      XL: |  1  2  3  4  5  6  7 |
---------------+----------------------+-----
Fighting       | 3 4 5 |  5.9
Maces & Flails | 1 2 3 5 6 |  6.2
Throwing       | 5 6 |  6.4
Dodging        | |  1.7
Stealth        | |  0.7

Action                   |  1- 3 |  4- 6 |  7- 9 || total
-------------------------+-------+-------+-------++-------
Melee: Short sword       |    12 |       |       ||    12
       Club              |    92 |    77 |       ||   169
       Flail             |       |    38 |    75 ||   113
Throw: Large rock        |    29 |    22 |     2 ||    53
       Throwing net      |     5 |     2 |     2 ||     9
       Stone             |       |       |     8 ||     8
  Use: Scroll            |     3 |     5 |       ||     8
       Potion            |       |     3 |     6 ||     9
 Stab: Sleeping          |     1 |     1 |       ||     2
  Eat: Chunk             |     2 |     2 |       ||     4
       Bread ration      |       |     1 |       ||     1
Armor: Robe              |    51 |    58 |    21 ||   130
Dodge: Dodged            |    79 |    75 |    32 ||   186
